 Dungeon Crawl Stone Soup version 0.29.1-13-g9f3cf754e1 (webtiles) character file.

Game seed: 7585836312699062234

14 theswoord the Twirler (level 2, 16/22 HPs)
             Began as a Demonspawn Gladiator on Jan 23, 2023.
             Was a Follower of Vehumet.
             Got out of the dungeon alive.
             The game lasted 00:00:37 (266 turns).

theswoord the Twirler (Demonspawn Gladiator)         Turns: 266, Time: 00:00:38

Health: 16/22      AC:  4    Str: 14    XL:     2   Next: 27%
Magic:  2/2        EV: 12    Int:  9    God:    Vehumet [*.....]
Gold:   0          SH:  0    Dex: 16    Spells: 1/1 levels left

rFire   . . .      SeeInvis .   a - +0 quarterstaff
rCold   . . .      Faith    .   (shield currently unavailable)
rNeg    . . .      Spirit   .   b - +0 leather armour
rPois   .          Reflect  .   c - +0 helmet
rElec   .          Harm     .   (no cloak)
rCorr   .          Rampage  .   (no gloves)
Will    .....                   (no boots)
Stlth   ++........              (no amulet)
HPRegen 0.07/turn               (no ring)
MPRegen 0.08/turn               (no ring)

@: no status effects
A: thin skeletal structure 1
a: Renounce Religion


You escaped.
You worshipped Vehumet.
Vehumet was aware of your devotion.
You visited 1 branch of the dungeon, and saw 1 of its levels.

Inventory:

Hand Weapons
 a - a +0 quarterstaff (weapon)
Missiles
 d - 3 throwing nets (quivered)
 e - a javelin
Armour
 b - a +0 leather armour (worn)
 c - a +0 helmet (worn)


   Skills:
 - Level 2.0 Fighting
 + Level 3.4 Staves
 - Level 1.7 Throwing
 - Level 2.6 Dodging


You had one spell level left.
You didn't know any spells.
Your spell library was empty.

Dungeon Overview and Level Annotations

Branches:
Dungeon (1/15)

Altars:
Vehumet


Innate Abilities, Weirdness & Mutations

You have a somewhat thin skeletal structure. (Dex +2, Stealth+)


Message History

The bat closely misses you.
You hit the bat.
The bat is severely wounded.
The bat barely misses you. The quokka bites you.
You hit the bat.
You kill the bat!
Vehumet accepts your kill. The quokka bites you.
The quokka bites you but does no damage.
You hit the quokka.
The quokka is moderately wounded.
The quokka bites you.
You barely miss the quokka.
The quokka is moderately wounded.
The quokka barely misses you. The quokka closely misses you.
You hit the quokka but do no damage.
The quokka is moderately wounded.
The quokka bites you.
You hit the quokka.
You kill the quokka!
Vehumet accepts your kill.
No target in view!
A hobgoblin comes into view.
A ball python comes into view.
The helpless hobgoblin fails to defend itself.
You hit the hobgoblin.
The hobgoblin is heavily wounded.
The hobgoblin closely misses you. x2
The hobgoblin attacks as you move away! The hobgoblin barely misses you.
You hit the hobgoblin.
You kill the hobgoblin!
Vehumet accepts your kill.
No target in view!
No target in view!
There is an open gate here.
There is a staircase leading out of the dungeon here.
Are you sure you want to leave the Dungeon?
This will make you lose the game!
Uppercase [Y]es or [N]o only, please.
Are you sure you want to leave the Dungeon?
This will make you lose the game!
You have escaped!

# #..♣♣ # #...♣♣ #
#....♣ # ##....♣♣ #
##......♣ #
##.......♣ #
####8..8..8.♣
#######..'........♣♣
.........'......@..♣
.#######.'........♣♣
.# ###8..8..8.♣ .#
##......♣♣ .#
##.....♣ .# ##...♣♣
.# #...♣ .# #...♣
#...♣


There were no monsters in sight!

Vanquished Creatures
  2 bats (D:1)
  2 endoplasms (D:1)
  A hobgoblin (D:1)
  4 jackals (D:1)
  A quokka (D:1)
10 creatures vanquished.

Notes
Turn   | Place    | Note
-------+----------+-------------------------------------------
     0 | D:1      | theswoord the Demonspawn Gladiator began the quest for the
                  | Orb.
     0 | D:1      | Reached XP level 1. HP: 16/16 MP: 1/1
   153 | D:1      | Reached skill level 3 in Staves
   172 | D:1      | Found a faded altar of an unknown god.
   181 | D:1      | Gained mutation: You have a somewhat thin skeletal
                  | structure. (Dex +2, Stealth+) [demonic ancestry]
   181 | D:1      | Reached XP level 2. HP: 20/22 MP: 2/2
   204 | D:1      | Prayed at the altar of an unknown god.
   204 | D:1      | Became a worshipper of Vehumet
   204 | D:1      | Reached * piety under Vehumet
   204 | D:1      | Offered knowledge of Shock by Vehumet.
   266 | D:$      | Got out of the dungeon alive.

Skill      XL: |  1 |
---------------+----+-----
Staves         | 3 |  3.4
Fighting       | |  2.0
Throwing       | |  1.7
Dodging        | |  2.6

Action                   || total
-------------------------++-------
Melee: Quarterstaff      ||    27
 Stab: Sleeping          ||     1
Armor: Leather armour    ||    13
Dodge: Dodged            ||    21

Levels and vault maps discovered:
D:1:      kennysheep_arrival_forest, layout_loops_ring, serial_shops,
          nicolae_shop_crystal, hellmonk_ecumenical_altar_blasted,
          hangedman_feature_mirror, minmay_crystal_water, minmay_misc_feat_five,
          grunt_decor_mini_mirrors
